AoeStats
← Desert_Prince

Arabian Desert

509891926Analyzed
1v1 RM · 4d ago on Sep 28, 2026· 48m 37s· 2 players
Game mode
Random Map
Map size
Tiny (2 player)
Population
200
Speed
Normal
Resources
Standard
Victory
Conquest
Starting age
Dark Age
Ending age
Imperial Age
RankedLock teamsTeams togetherTeam positionsShared explorationLock speedFull tech treeHidden civsTurbo modeCheats
Victory
Defeat
🇪🇨 Ethiopians · Ecuador
1786
+16
🇲🇦 Georgians · Morocco
1793
-16
buscandobeiby11
7:00 Loom
9:04 Feudal Age
10:11 Double-Bit Axe
13:07 Town Watch
15:37 Fletching
21:17 Castle Age
19:33 Horse Collar
20:23 Gold Mining
20:37 Padded Archer Armor
21:22 Crossbowman
21:58 Bodkin Arrow
23:16 Wheelbarrow
29:06 Bow Saw
30:55 Ballistics
31:26 Leather Archer Armor
31:48 Elite Skirmisher
36:51 Thumb Ring
39:28 Hand Cart
41:56 Imperial Age
40:05 Heavy Plow
40:42 Gold Shaft Mining
42:02 Arbalester
42:44 Bracer
43:45 Chemistry
44:26 Ring Archer Armor
44:13 Masonry
45:06 Scale Mail Armor
44:59 Stone Mining
45:23 Squires
45:49 Halberdier
46:48 Chain Mail Armor
47:42 Conscription
48:11 Plate Mail Armor
49:04 Torsion Engines
Desert_Prince
6:30 Loom
8:45 Feudal Age
9:26 Double-Bit Axe
11:51 Horse Collar
16:27 Fletching
20:52 Castle Age
19:20 Gold Mining
20:01 Padded Archer Armor
20:50 Bloodlines
21:07 Town Watch
21:42 Bodkin Arrow
23:30 Ballistics
25:38 Bow Saw
25:53 Leather Archer Armor
34:26 Wheelbarrow
34:33 Wheelbarrow
39:16 Imperial Age
37:53 Stone Mining
37:57 Light Cavalry
38:37 Husbandry
38:49 Forging
40:58 Chemistry
40:45 Parthian Tactics
42:55 Bracer
44:05 Scale Barding Armor
44:39 Heavy Cavalry Archer
46:20 Hand Cart
46:14 Hussar
46:41 Capped Ram
47:49 Chain Barding Armor
Connection lost

Rejoining the realm…

Still unreachable

The connection could not be restored.

Session expired

The server has moved on; the page needs a fresh start.